AoeStats
← cmd

MegaRandom

508055451Analyzed
3v3 RM · 11d ago on Sep 20, 2026· 40m 1s· 6 players
Game mode
Random Map
Map size
Normal (6 player)
Population
200
Speed
Normal
Resources
Standard
Victory
Conquest
Starting age
Dark Age
Ending age
Imperial Age
RankedLock teamsTeams togetherTeam positionsShared explorationLock speedFull tech treeHidden civsTurbo modeCheats
Victory
Defeat
🇩🇪 Hindustanis · Germany
1003
+15
🇩🇪 Lithuanians · Germany
970
+16
🇺🇸 Armenians · United States
935
+18
🇩🇪 Portuguese · Germany
1016
-18
🇩🇪 Japanese · Germany
1000
-17
🇩🇪 Mongols · Germany
915
-14
Carbonara Knight
5:04 Loom
11:11 Feudal Age
14:27 Double-Bit Axe
17:26 Castle Age
21:35 Horse Collar
25:50 Bloodlines
28:29 Gold Mining
28:29 Stone Mining
31:23 Wheelbarrow
30:18 Elite Skirmisher
30:52 Fletching
32:22 Husbandry
35:09 Hand Cart
34:19 Light Cavalry
39:46 Imperial Age
38:21 Heavy Plow
39:46 Bodkin Arrow
40:01 Forging
39:57 Scale Barding Armor
39:53 Padded Archer Armor
41:35 Chemistry
40:55 Ballistics
Fabio-M91
4:52 Loom
10:32 Feudal Age
14:41 Double-Bit Axe
21:26 Castle Age
20:18 Padded Archer Armor
20:30 Forging
21:40 Fletching
21:41 Horse Collar
22:30 Heavy Plow
22:52 Bow Saw
25:53 Wheelbarrow
25:03 Town Watch
26:10 Leather Archer Armor
26:21 Man-at-Arms
26:47 Arson
27:15 Elite Skirmisher
28:19 Long Swordsman
29:44 Ballistics
30:15 Thumb Ring
31:23 Scale Barding Armor
Ciconico
1:43 Loom
12:48 Feudal Age
13:19 Horse Collar
13:03 Man-at-Arms
14:02 Long Swordsman
20:01 Scale Mail Armor
25:46 Castle Age
23:56 Double-Bit Axe
26:32 Two-Handed Swordsman
27:00 Gambesons
27:17 Squires
28:06 Bow Saw
27:59 Heavy Plow
30:37 Wheelbarrow
30:32 Champion
31:42 Gold Mining
32:55 Chain Mail Armor
33:28 Forging
33:34 Pikeman
34:12 Fletching
35:04 Hand Cart
38:30 Iron Casting
helo
8:37 Loom
10:22 Feudal Age
11:32 Double-Bit Axe
11:30 Horse Collar
15:47 Fletching
18:38 Fletching
19:26 Fletching
21:42 Castle Age
19:38 Fletching
23:12 Crossbowman
25:44 Bodkin Arrow
28:26 Wheelbarrow
27:54 Pikeman
28:38 Padded Archer Armor
28:40 Scale Mail Armor
29:35 Thumb Ring
32:01 Gambesons
35:55 Squires
noname
5:56 Loom
11:40 Feudal Age
12:25 Double-Bit Axe
17:05 Castle Age
33:01 Horse Collar
34:20 Town Watch
cmd
9:52 Loom
11:38 Feudal Age
17:55 Castle Age
20:19 Squires
20:43 Double-Bit Axe
21:48 Pikeman
24:53 Bow Saw
26:22 Horse Collar
28:07 Heavy Plow
28:31 Gold Mining
30:34 Stone Mining
37:02 Imperial Age
35:08 Wheelbarrow
36:13 Thumb Ring
36:59 Fletching
37:21 Husbandry
37:56 Bodkin Arrow
Connection lost

Rejoining the realm…

Still unreachable

The connection could not be restored.

Session expired

The server has moved on; the page needs a fresh start.